Map: 울레나

Players

Bomber

  • Race: Terran Terran
  • League: Diamond

TYTY (TY) - Winner!

  • Race: Terran Terran
  • League: Diamond

Event: DreamHack ROCCAT LotV Championship

VOD

Have the link to the VOD?

Description

Time

  • Played on: Nov. 27, 2015, 5:34 a.m.
  • Length: 11:10

All games in this series

Show
View Real Time Build Order
Export as new Build Order

Bomber Terran 

Build Orders: Bio Tank 

Get SALT Encoding   

  12  0:00  SCV  
  13  0:13  SCV  
  14  0:17  Supply Depot  
  14  0:25  SCV  
  15  0:39  SCV  
  15  0:40  Barracks  
  16  0:51  SCV  
  16  0:52  Refinery  
  17  1:03  SCV  
  18  1:15  SCV  
  19  1:27  Orbital Command, Marine  
  20  1:41  Command Center  
  20  1:46  Marine  
  21  1:50  Supply Depot  
  21  1:53  SCV  
  22  2:04  Factory  
  22  2:06  SCV  
  23  2:11  Marine  
  24  2:18  SCV  
  24  2:20  Refinery  
  25  2:29  Marine  
  26  2:30  SCV  
  27  2:43  SCV  
  28  2:47  Marine  
  28  2:49  Starport, Widow Mine  
  31  2:53  Orbital Command  
  31  2:55  SCV  
  32  3:00  Engineering Bay  
  32  3:05  Marine  
  33  3:07  SCV  
  34  3:13  Supply Depot  
  34  3:19  SCV  
  35  3:21  Factory Tech Lab  
  35  3:26  Orbital Command  
  35  3:31  SCV  
  36  3:34  Viking  
  38  3:43  SCV, Barracks Tech Lab  
  38  3:45  Siege Tank  
  42  3:52  SCV  
  42  3:55  SCV  
  44  4:00  Supply Depot  
  44  4:05  Starport Reactor  
  44  4:06  SCV  
  44  4:07  SCV  
  44  4:09  Stimpack  
  46  4:10  Refinery  
  46  4:16  Bunker, Marine  
  47  4:21  SCV  
  48  4:25  SCV  
  49  4:32  Supply Depot  
  49  4:33  SCV  
  49  4:35  Siege Tank  
  53  4:40  Marine  
  53  4:43  Viking  
  53  4:44  Viking  
  53  4:45  SCV  
  59  4:48  Refinery  
  59  4:55  SCV  
  53  5:01  SCV  
  53  5:03  Marine  
  48  5:07  SCV  
  48  5:10  Missile Turret  
  48  5:13  SCV  
  53  5:14  Siege Tank  
  53  5:20  SCV  
  54  5:22  Marine  
  54  5:26  SCV  
  53  5:30  Barracks  
  53  5:31  Barracks  
  53  5:33  Medivac  
  55  5:37  SCV  
  55  5:42  Marine  
  57  5:43  Medivac  
  57  5:44  SCV  
  57  5:49  SCV  
  61  5:56  SCV  
  62  5:58  Siege Tank  
  62  6:00  Marine  
  62  6:01  SCV  
  67  6:09  SCV  
  67  6:10  Combat Shields  
  68  6:13  Supply Depot  
  68  6:15  Supply Depot  
  68  6:16  SCV  
  68  6:17  Marine  
  70  6:18  Barracks Reactor  
  70  6:19  Barracks Reactor  
  70  6:35  Siege Tank, Marine  
  74  6:41  SCV  
  74  6:42  Supply Depot  
  74  6:45  Medivac  
  77  6:47  Medivac  
  77  6:49  SCV  
  77  6:53  SCV  
  77  6:54  Marine  
  81  6:55  Marine x4  
  81  6:57  Terran Infantry Weapons Level 1  
  80  7:11  Siege Tank  
  80  7:14  Marine x4  
  80  7:15  Marine  
  88  7:20  SCV x2  
  88  7:22  Medivac  
  92  7:30  Supply Depot  
  92  7:31  Supply Depot  
  92  7:32  Marine x2  
  94  7:51  Marine x3  
  94  7:53  Marine x2  
  97  7:58  Siege Tank, Medivac  
  97  8:01  SCV  
  97  8:02  SCV  
  104  8:09  Marine x3  
  104  8:10  Marine  
  104  8:11  Marine  
  90  8:26  Marine x3  
  91  8:27  Barracks  
  91  8:28  Marine  
  91  8:29  Marine  
  91  8:30  Siege Tank  
  98  8:40  Medivac x2  
  102  8:44  Marine x3  
  102  8:46  Marine x2  
  107  8:51  Terran Infantry Armor Level 1  
  107  8:54  SCV  
  103  9:02  Marine x3  
  105  9:04  Marine x2  
  105  9:15  Barracks Reactor, Medivac x2  
  109  9:20  Marine  
  110  9:25  Marine x4  
  110  9:28  Siege Tank  
  117  9:38  Marine  
  118  9:45  Supply Depot  
  118  9:46  Supply Depot  
  118  10:00  Marine x3  
  118  10:01  Marine  
  118  10:02  Medivac, Marine  
  118  10:03  Marine x2  
  108  10:18  Marine x3  
  108  10:19  Marine x2  
  108  10:21  Marine x2  
  94  10:32  Siege Tank, Medivac x2  
  92  10:36  Marine x3  
  92  10:37  Marine x2  
  92  10:39  Marine x2  
Show
View Real Time Build Order
Export as new Build Order

TYTY Terran - Winner!

Build Orders: 1/1/1, Cyclone Opening, Bio Tank 

Get SALT Encoding   

  12  0:00  SCV  
  13  0:12  SCV  
  14  0:18  Supply Depot  
  14  0:25  SCV  
  15  0:39  SCV  
  15  0:40  Barracks  
  16  0:44  Refinery  
  16  0:51  Refinery  
  16  0:54  SCV  
  17  1:06  SCV  
  18  1:18  SCV  
  19  1:27  Marine  
  19  1:31  Orbital Command  
  20  1:34  Factory  
  20  1:49  Supply Depot  
  20  1:50  Barracks Reactor  
  20  1:57  SCV  
  21  2:09  SCV  
  22  2:17  Factory Tech Lab  
  22  2:18  Starport  
  22  2:21  SCV  
  23  2:25  Marine  
  23  2:26  Marine  
  25  2:33  SCV  
  25  2:36  Cyclone  
  29  2:42  Supply Depot  
  29  2:45  SCV  
  30  2:54  Marine  
  31  3:03  Marine  
  31  3:04  SCV  
  33  3:10  Raven  
  33  3:12  Supply Depot  
  35  3:13  Marine  
  35  3:16  SCV  
  38  3:28  SCV  
  38  3:39  Command Center  
  38  3:40  SCV  
  39  3:41  Marine  
  41  3:53  Medivac  
  43  3:55  Widow Mine  
  43  3:59  Supply Depot  
  43  4:02  Marine  
  44  4:05  Marine  
  45  4:11  SCV  
  43  4:20  Marine  
  43  4:23  SCV, Marine  
  46  4:35  SCV  
  46  4:38  Siege Tank  
  50  4:41  Marine x2, Starport Tech Lab  
  52  4:48  SCV  
  52  4:50  Orbital Command  
  52  5:01  SCV  
  50  5:10  Siege Tank  
  50  5:13  SCV  
  53  5:18  Barracks  
  53  5:19  SCV, Starport Reactor  
  52  5:21  Barracks  
  52  5:25  SCV  
  53  5:30  Marine  
  53  5:31  Stimpack  
  53  5:32  SCV  
  55  5:37  SCV  
  55  5:42  Siege Tank  
  57  5:43  Engineering Bay  
  57  5:44  SCV  
  57  5:48  Marine  
  57  5:49  SCV  
  60  5:56  SCV, Barracks  
  61  5:57  Barracks  
  61  6:01  SCV  
  61  6:04  Supply Depot  
  62  6:05  Refinery, Starport Reactor  
  62  6:06  Marine  
  62  6:08  SCV  
  62  6:10  Terran Infantry Weapons Level 1  
  64  6:14  Siege Tank  
  64  6:16  Marine  
  64  6:17  Marine x2  
  70  6:20  Marine  
  70  6:25  SCV, Marine  
  72  6:30  Supply Depot  
  72  6:31  Supply Depot  
  72  6:34  Marine x2  
  74  6:40  Marine  
  74  6:41  Medivac  
  78  6:50  Missile Turret  
  78  6:52  Supply Depot, Medivac  
  78  6:53  Missile Turret, Marine x2  
  81  6:55  Supply Depot  
  81  6:56  Siege Tank  
  84  7:04  Marine  
  84  7:05  Marine x2  
  87  7:13  Medivac  
  87  7:14  Supply Depot, Marine  
  87  7:15  Marine x2  
  92  7:21  Marine  
  93  7:25  Marine x2  
  95  7:31  Combat Shields  
  95  7:32  Siege Tank  
  95  7:33  Marine x2  
  95  7:35  Marine  
  100  7:45  Marine x4  
  100  7:48  SCV x2, Refinery  
  106  7:51  Marine  
  106  7:54  Supply Depot  
  104  8:01  Marine x2  
  104  8:03  Marine  
  101  8:17  Siege Tank  
  101  8:18  Marine, Medivac x2  
  101  8:19  Marine x2  
  107  8:21  Marine x2  
  107  8:23  Barracks Reactor x2  
  107  8:26  SCV x2  
  109  8:36  Marine  
  110  8:48  Medivac  
  112  8:49  Marine  
  112  8:50  Siege Tank  
  116  8:57  Marine x4  
  116  9:01  Marine x2  
  122  9:03  Command Center  
  122  9:06  Marine  
  123  9:16  Supply Depot, Marine  
  123  9:17  Supply Depot, Marine x2  
  123  9:18  Sensor Tower  
  125  9:30  Marine  
  126  9:37  SCV x2  
  129  9:39  Supply Depot  
  129  9:41  Supply Depot  
  129  9:46  Marine  
  129  9:47  Marine  
  130  9:53  Siege Tank  
  130  9:59  Marine x2  
  114  10:13  Orbital Command  
  106  10:21  Marine  
  93  10:24  Marine  
  93  10:25  Marine  
  89  10:28  SCV  
  89  10:32  Marine  
  89  10:33  Siege Tank  
  89  10:34  Medivac x2  
  100  10:38  Missile Turret  
  100  10:41  Missile Turret  
  100  10:42  Marine, Orbital Command  
  97  10:44  Marine  

Tags
 
Add a new tag
Caveats
  • Supply blocks, unpowered buildings, or Contaminate may cause inaccurate times.
  • Supply counts are checked every 10 seconds.